 Dungeon Crawl Stone Soup version 0.28-a0-1493-g08698888e4 (webtiles) character file.

Game seed: 7740935404880262388

5848 wakim the Basher (level 10, -4/86 HPs)
             Began as a Palentonga Gladiator on Jan 12, 2022.
             Was an Elder of Okawaru.
             Slain by a centaur warrior (5 damage)
             ... on level 9 of the Dungeon.
             The game lasted 00:28:29 (10246 turns).

wakim the Basher (Palentonga Gladiator)            Turns: 10246, Time: 00:28:30

Health: -4/86      AC: 18    Str: 20    XL:     10   Next: 51%
Magic:  14/14      EV: 10    Int:  9    God:    Okawaru [****..]
Gold:   407        SH:  0    Dex: 13    Spells: 9/9 levels left

rFire   . . .      SeeInvis +   a - +4 dire flail (vorpal)
rCold   + . .      Faith    .   (shield currently unavailable)
rNeg    . . .      Spirit   .   H - +1 ring mail "Caoh" {rCorr}
rPois   .          Reflect  +   E - +1 helmet
rElec   .          Harm     .   x - scarf {shadows}
rCorr   +          Rampage  .   S - +0 pair of gloves
Will    +....                   (no barding)
Stlth   ..........              h - amulet of reflection
HPRegen 0.24/turn               z - ring of willpower
MPRegen 0.14/turn               M - ring of protection from cold

@: confused, ambrosia-drunk, curled up
A: large, rugged brown scales 3, see invisible, deformed body, roll 1, armoured
tail, reflexive curl
a: Rolling Charge, Renounce Religion, Heroism, Finesse


You were on level 9 of the Dungeon.
You worshipped Okawaru.
Okawaru was greatly pleased with you.
You visited 2 branches of the dungeon, and saw 10 of its levels.

You collected 482 gold pieces.
You spent 75 gold pieces at shops.

Inventory:

Hand Weapons
 a - a +4 vorpal dire flail (weapon)
 b - a +0 shortbow
 c - a +2 whip of venom
 d - the +6 mace of Rolufraw {vamp, Will- Int+4}
   (You found it on level 8 of the Dungeon)

   It occasionally heals its wielder for a portion of the damage dealt when it
   wounds a living foe.
   Int:       It affects your intelligence (+4).
   Will:      It decreases your willpower.
Missiles
 u - 91 arrows
 D - 43 poisoned darts
 I - 12 boomerangs
 L - 4 throwing nets {=f!f}
Armour
 x - a scarf of shadows (worn)
 E - a +1 helmet (worn)
 H - the +1 ring mail "Caoh" (worn) {rCorr}
   (You found it on level 6 of the Dungeon)

   rCorr:     It protects you from acid and corrosion.
 S - a +0 pair of gloves (worn)
Jewellery
 h - an amulet of reflection (around neck)
 z - a ring of willpower (left hand)
 M - a ring of protection from cold (right hand)
 W - a ring of positive energy
Wands
 t - a wand of digging (6)
 v - a wand of flame (28)
 w - a wand of acid (6)
 y - a wand of paralysis (13)
Scrolls
 g - 2 scrolls of enchant armour
 C - a scroll of brand weapon {unknown}
 F - a scroll of torment {unknown}
 G - a scroll of silence {unknown}
 N - a scroll of blinking {unknown}
 P - a scroll of amnesia {unknown}
 Q - a scroll of immolation {!r!r}
 R - a scroll of enchant weapon {unknown}
 T - 3 scrolls of teleportation
 U - 2 scrolls of fear
 V - a scroll of magic mapping {unknown}
 X - 4 scrolls of fog
 Y - a scroll of vulnerability {unknown}
Potions
 e - 3 potions of curing
 s - a potion of mutation {unknown}
 A - a potion of ambrosia
 B - 2 potions of attraction {!q}
 J - a potion of heal wounds
 K - a potion of magic
 O - a potion of resistance
 Z - 2 potions of invisibility


   Skills:
 + Level 8.3 Fighting
 * Level 8.8(9.6) Maces & Flails
 - Level 5.8(8.1) Staves
 - Level 1.3 Throwing
 + Level 5.0 Armour
 - Level 4.0 Dodging
 - Level 6.0 Invocations


You had 9 spell levels left.
You didn't know any spells.
Your spell library contained the following spells:

 Spells                   Type           Power      Damage    Failure   Level
 Scorch                   Fire           0%         2d5       69%         2
 Flame Wave               Conj/Fire      0%         2d4       100%        4
 Summon Cactus Giant      Summ           Unusable   N/A       N/A         6

Dungeon Overview and Level Annotations

Branches:
Dungeon (9/15)             Temple (1/1) D:4            Lair (0/6) D:8
    Orc: D:9-12

Altars:
Ashenzari
Cheibriados
Dithmenos
Elyvilon
Fedhas
Gozag
Hepliaklqana
Kikubaaqudgha
Nemelex Xobeh
Okawaru
Qazlal
Ru
Sif Muna
Trog
Uskayaw
Vehumet
Wu Jian
Xom
Yredelemnul
Zin
The Shining One

Shops:
D:5 :   D:7 *


Innate Abilities, Weirdness & Mutations

You are completely covered in rugged brown scales. (AC +3, +7% HP)
You have supernaturally acute eyesight. (SInv)
Armour fits poorly on your strangely shaped body.
You can roll at nearby foes to attack.
You have a long armoured tail.
You curl defensively after being hit. (AC +7*)


Message History

You kill the centaur!
Okawaru accepts your kill. The killer bee barely misses you.
You hit the killer bee.
Your tail-slap misses the killer bee.
The killer bee is moderately wounded.
The killer bee closely misses you.
You barely miss the killer bee.
The killer bee is moderately wounded.
The killer bee stings you but does no damage.
You puncture the centaur warrior!
Your tail-slap misses the centaur warrior.
The centaur warrior is lightly wounded.
You puncture the centaur warrior!
The centaur warrior is moderately wounded.
The centaur warrior hits you with a staff of air.
* * * LOW HITPOINT WARNING * * *
You are electrocuted.
* * * LOW HITPOINT WARNING * * *
You block the centaur warrior's attack.
The centaur warrior hits you with a staff of air.
* * * LOW HITPOINT WARNING * * *
The centaur warrior kicks you but does no damage.
Okay, then.
You are confused.
You feel invigorated.
The centaur warrior hits you with a staff of air!
* * * LOW HITPOINT WARNING * * *
You are electrocuted.
* * * LOW HITPOINT WARNING * * *
The centaur warrior kicks you but does no damage.
You bump into the rock wall.
The centaur warrior hits you with a staff of air.
* * * LOW HITPOINT WARNING * * *
You are electrocuted.
* * * LOW HITPOINT WARNING * * *
The centaur warrior kicks you but does no damage.
A steam dragon comes into view.
The centaur warrior hits you but does no damage.
You are electrocuted.
You die...

######## ...
########.######.
.......#####.#####........#
#####...##.D...##c.....####
# #..#..###.###.c..####
####..##.^......O#..#
)....#####..#..###.##
........###....yc..#
.......># ######c###
........# #@# ........# #.#
######### #.# #.. ##.# .#
.# .#


You could see a centaur warrior, a steam dragon, a centaur and a killer bee.

Vanquished Creatures
  A two-headed ogre (D:9)
  Grinder (D:3)
  Prince Ribbit (D:7)
  Sigmund (D:5)
  7 yaks
  A steam dragon (D:8)
  Edmund (D:4)
  2 water moccasins (D:8)
  3 sky beasts
  A black bear (D:8)
  A hornet zombie (D:5)
  3 orc warriors
  An ice beast (D:7)
  3 ogres
  3 centaurs
  A phantom (D:4)
  3 kobold brigands
  3 bullfrogs
  A gnoll sergeant (D:8)
  2 scorpions
  5 killer bees
  2 jellies (D:5)
  2 centaur zombies (D:8)
  A hound (D:5)
  2 bullfrog skeletons
  3 gnoll shamans
  4 orc priests
  7 orc wizards
  4 iguanas
  A hound zombie (D:5)
  A hound skeleton (D:4)
  17 gnolls
  3 adders (D:2)
  An adder skeleton (D:4)
  5 worms
  A dart slug (D:3)
  21 orcs
  9 endoplasms
  5 goblins
  4 hobgoblins
  5 jackals
  20 kobolds
  4 quokkas
  8 ball pythons
  A bat (D:2)
  3 frilled lizards
  7 rats
186 creatures vanquished.

Vanquished Creatures (others)
  A bullfrog (D:7)
  5 fungi (D:8)
  3 plants (D:8)
9 creatures vanquished.

Grand Total: 195 creatures vanquished

Notes
Turn   | Place    | Note
-------+----------+-------------------------------------------
     0 | D:1      | wakim the Palentonga Gladiator began the quest for the Orb.
     0 | D:1      | Reached XP level 1. HP: 17/17 MP: 1/1
   358 | D:1      | Reached XP level 2. HP: 24/24 MP: 2/2
  1076 | D:2      | Reached XP level 3. HP: 26/29 MP: 3/3
  1865 | D:3      | Reached XP level 4. HP: 37/37 MP: 4/4
  2044 | D:3      | Noticed Grinder
  2056 | D:3      | Killed Grinder
  2057 | D:3      | Reached skill level 5 in Staves
  2057 | D:3      | Reached XP level 5. HP: 17/46 MP: 5/5
  2057 | D:3      | Reached XP level 6. HP: 20/52 MP: 6/6
  2344 | D:3      | !bestwep
  2858 | D:3      | !bestwep
  2877 | D:3      | Identified the +3 dagger of Bimodihi {flame, Str+2 Int+6}
  2879 | D:3      | !bestwep
  2953 | D:4      | Noticed a sky beast
  2967 | D:3      | Killed a sky beast
  2968 | D:3      | Reached skill level 5 in Fighting
  3116 | D:4      | Noticed Edmund
  3163 | D:4      | Killed Edmund
  3164 | D:4      | Reached skill level 1 in Armour
  3164 | D:4      | Gained mutation: You curl defensively after being hit. (AC
                  | +7*) [Palentonga growth]
  3164 | D:4      | Reached XP level 7. HP: 16/59 MP: 7/7
  3167 | D:4      | !bestwep
  3484 | D:4      | Reached skill level 1 in Maces & Flails
  3596 | D:4      | !bestwep
  3879 | D:4      | Found a staircase to the Ecumenical Temple.
  3886 | Temple   | Entered the Ecumenical Temple
  4038 | Temple   | Became a worshipper of Warmaster Okawaru
  4536 | D:5      | Entered Level 5 of the Dungeon
  4537 | D:5      | Noticed a yak
  4537 | D:5      | Noticed a yak
  4539 | D:5      | Noticed a yak
  4539 | D:5      | Noticed a yak
  4539 | D:5      | Noticed a yak
  4539 | D:5      | Noticed a yak
  4559 | D:4      | Killed a yak
  4680 | D:5      | Reached skill level 1 in Invocations
  4733 | D:5      | Reached XP level 8. HP: 67/68 MP: 8/8
  4933 | D:5      | Reached * piety under Okawaru
  5286 | D:5      | Found a shimmering altar of Xom.
  5290 | D:5      | Found a basalt altar of Yredelemnul.
  5372 | D:5      | Found an ornate altar of the Wu Jian Council.
  5379 | D:5      | Found Imuhud's Book Shop.
  5691 | D:5      | Noticed Sigmund
  5694 | D:5      | Killed Sigmund
  5823 | D:5      | Reached skill level 5 in Maces & Flails
  5828 | D:5      | Reached XP level 9. HP: 61/75 MP: 11/11
  5832 | D:5      | Reached ** piety under Okawaru
  6384 | D:6      | Identified the +1 ring mail "Caoh" {rCorr}
  7252 | D:7      | Found Xethea's Assorted Antiques.
  7266 | D:7      | Bought a scroll labelled BUOGRI POEQO for 26 gold pieces
  7266 | D:7      | Bought a scroll labelled YMUYZ CILO for 26 gold pieces
  7266 | D:7      | Bought a sedimented grey potion for 23 gold pieces
  7341 | D:7      | Noticed Prince Ribbit
  7354 | D:7      | Killed Prince Ribbit
  7695 | D:7      | Found a glowing silver altar of Zin.
  7696 | D:7      | Found a sparkling altar of Nemelex Xobeh.
  7743 | D:7      | Identified the +8 short sword of Hyutal {flame, rF+ rN+}
  7745 | D:7      | !bestwep
  8025 | D:7      | Reached skill level 5 in Invocations
  8309 | D:8      | Reached *** piety under Okawaru
  8432 | D:6      | !bestwep
  8660 | D:8      | Reached XP level 10. HP: 75/85 MP: 13/13
  8955 | D:8      | Found a staircase to the Lair.
  9381 | D:8      | Identified the +6 mace of Rolufraw {vamp, Will- Int+4}
  9383 | D:8      | !bestwep
 10191 | D:9      | Noticed a two-headed ogre
 10218 | D:9      | Killed a two-headed ogre
 10222 | D:9      | Reached **** piety under Okawaru
 10235 | D:9      | Reached skill level 5 in Armour
 10238 | D:9      | Noticed a centaur warrior
 10246 | D:9      | HP: 1/86 [centaur warrior (5)]
 10246 | D:9      | Slain by a centaur warrior

Illustrated notes ..# .# #.........# ### .# #.##.####. . .# ....#....# . .###.###. ####.#.## .####...... .. #.........# .?..<.....# #)##.###..# ########### #.#.... . #.#...## ## #@#.#.. .# #.#. ## .# #.# .# #.# .# #.# ##### #.# )...# #.# ###.# # #.# Turn 2344 on D:3: !bestwep #.#.#.##.##.##.### #.#.#.##.##.#....# #.#.#.##.##.#..#.# #.#.#....##.####.# #.#.#######......# #.#.#### ######## #.# ..# #.####.# #.....@# #####..# #..# .?... ###.... #..... #..... Turn 2858 on D:3: !bestwep #......# #... #####..# #### ####..######## #............# #.###.......<# ### # #........# #.. #........# #.# +........# #.# #.....@..# #.# #........# #.# #........# #.# #........# #.# #........# #.# #........# #)# ########## #.# #.# #.# Turn 2879 on D:3: !bestwep .....≈≈≈ #......# ...≈≈≈≈≈ #......## #..≈≈≈≈≈ ##.......# #..≈≈≈≈≈ #........# #.≈≈≈≈. ##........## #....). #..........###...... #................... #<.@........####.... #...........# ##... #..........## #### #..........# #........#.# ##......#.## ##...###.# ##.###..# ### #.## Turn 3167 on D:4: !bestwep ##### ###...### ##...@...## #.........# ##........# ##......(# ##.°....# ##.....## #......# ##.....# #.....## Turn 3596 on D:4: !bestwep ## ### .# #.################.# .. ..##...............# .# #.##.##########.##.# .# #.##.# ##..#.# .# #.##.### ##8..8## .#####.#....######.....⌠# ....##.#....##...###..### ............##..@#......# ............+....###..### ............##...#8...._# ..=.##......###..###..### ....##....#####..##.....# ....##...........###..### .# ....##.....#####.#8.....#..### ...#.............##.#_⌠##..... ...#.............########..... Turn 7745 on D:7: !bestwep

#.# #....# #.###...... #.#
####.# #.# #....#. #.#
####.#### #.# ####...
#.#####.......# #.# ##.#
#..........##.# #.# #.#
######.....##.###.# #.#
#########.....##.....# #.#
#.......#...[<##.##### #.#
#.####.......@##..#### #.# #.#
#.#....).........# #.#
#.####....#[#.###.##.# #.#
#......(#.#[#......#.# #.#
######..#.#.#####..#.#######.#
#..........#####............#
#.###..............#.########
#.###...)#.#####...##.....<..
#.##.....#.# #..)#.########


Turn 8432 on D:6: !bestwep # #+ ##.# # #. # ##. # #.##########.# #. #
##............# #) ##...###.##.#### #. #### #.....##.##.# #) ...# ##...###.##.#
## ##.#####..###.##.# # ..............##@# # #########.######.# # #... ..# #
##### #### # Turn 9383 on D:8: !bestwep

Levels and vault maps discovered:
D:1:      nicolae_arrival_washed_ashore, layout_basic
D:2:      layout_loops_cross, minmay_pentomino_pile
D:3:      layout_basic, uniq_grinder
D:4:      wander_river, layout_cave_pods, minmay_temple_entry_wispy, uniq_edmund
D:5:      layout_gridville, grunt_temple_overflow_open, serial_shops,
          shop_coins, uniq_sigmund
D:6:      layout_loops_ring
D:7:      layout_basic, minitemple, serial_shops, shop, minmay_small_thing,
          uniq_prince_ribbit1
D:8:      layout_loops_corners, grunt_lair_entry_orc_guard_hut,
          hangedman_minor_gate_pass
D:9:      minmay_the_grid_octo_tiled_squarecenter [minmay_the_grid_octo_toaster,
          minmay_the_grid_octo_checkered, minmay_the_grid_octo_vomiting_pacman,
          minmay_the_grid_octo_teeth,
          minmay_the_grid_square_5x5_megaprize_crossed,
          minmay_the_grid_square_5x5_six, minmay_the_grid_square_5x5_inner_v,
          minmay_the_grid_square_5x5_empty,
          minmay_the_grid_square_5x5_checkered_statues], layout_rooms,
          erik_orc_1
Temple:   eino_temple_rhombus

Skill      XL: |  1  2  3  4  5  6  7  8  9 10 |
---------------+-------------------------------+-----
Fighting       | 3 4 5 6 7 8 |  8.3
Staves         | 4 5 |  5.8
Armour         | 1 3 4 5 |  5.0
Maces & Flails | 2 5 7 8 |  8.8
Dodging        | 3 4 |  4.0
Invocations    | 1 3 5 6 |  6.0
Throwing       | |  1.3

Action                   |  1- 3 |  4- 6 |  7- 9 | 10-12 || total
-------------------------+-------+-------+-------+-------++-------
Melee: Quarterstaff      |    88 |    73 |       |       ||   161
       Tailslap          |     9 |    11 |    37 |    16 ||    73
       Dagger            |       |    11 |    17 |       ||    28
       Punch             |       |     1 |       |       ||     1
       Dire flail        |       |       |   224 |    99 ||   323
       Whip              |       |       |     3 |    31 ||    34
 Fire: Shortbow          |       |       |     8 |     3 ||    11
 Abil: Rolling Charge    |    15 |    24 |    37 |    14 ||    90
Evoke: Wand              |       |     1 |       |       ||     1
  Use: Scroll            |     1 |       |     6 |     4 ||    11
       Potion            |       |       |       |     3 ||     3
Armor: Leather armour    |    21 |       |       |       ||    21
       Ring mail         |     9 |    12 |    42 |    48 ||   111
       Chain mail        |       |       |    36 |       ||    36
Dodge: Dodged            |    26 |    15 |    67 |    49 ||   157
Block: Other             |    15 |     7 |    38 |    28 ||    88
       Reflection        |       |       |     2 |     3 ||     5

Table legend: (Time is in decaauts)
 A = Elapsed time spent in this place.
 B = Non-inter-level travel time spent in this place.
 C = Inter-level travel time spent in this place.
 D = Time resting spent in this place.
 E = Time spent auto-exploring this place.
 F = Levels seen in this place.
 G = Mean time per level.
                   A        B        C        D        E       F      G
               +--------+--------+--------+--------+--------+-----+--------+
         Total |  10241 |   9595 |    646 |    654 |   7481 |  10 | 1024.1 |
       Dungeon |  10073 |   9463 |    610 |    654 |   7372 |   9 | 1119.2 |
        Temple |    168 |    132 |     36 |      0 |    109 |   1 |  168.0 |
               +--------+--------+--------+--------+--------+-----+--------+

Top non-repeatable levels by time:
     D:8: 1748 daAuts
     D:4: 1732 daAuts
     D:7: 1275 daAuts
     D:3: 1193 daAuts
     D:5: 1070 daAuts
     D:6: 1026 daAuts
     D:2: 992 daAuts
     D:1: 877 daAuts
  Temple: 168 daAuts
     D:9: 157 daAuts
